 Dungeon Crawl Stone Soup version 0.22-a0-538-g76cc104 (webtiles) character file.

72 Hebeh the Covered (level 4, -8/40 HPs)
             Began as a Minotaur Fighter on June 23, 2018.
             Killed from afar by an orc wizard (12 damage)
             ... with a puff of flame
             ... on level 2 of the Dungeon.
             The game lasted 00:02:13 (948 turns).

Hebeh the Covered (Minotaur Fighter)                 Turns: 948, Time: 00:02:14

Health: -8/40      AC:  7    Str: 22    XL:     4   Next: 7%
Magic:  3/3        EV:  7    Int:  5    God:
Gold:   79         SH:  9    Dex:  9    Spells: 3/3 levels left

rFire    . . .     SeeInvis .   a - +0 war axe
rCold    . . .     Gourm    .   c - +0 shield
rNeg     . . .     Faith    .   b - +0 scale mail
rPois    .         Spirit   .   (helmet restricted)
rElec    .         Reflect  .   (no cloak)
rCorr    .         Harm     .   (no gloves)
MR       .....                  (no boots)
Stlth    ..........             (no amulet)
HPRegen  0.13/turn              (no ring)
MPRegen  0.08/turn              (no ring)

@: no status effects
A: retaliatory headbutt, horns 2
a: no special abilities


You were on level 2 of the Dungeon.
You were not hungry.

You visited 1 branch of the dungeon, and saw 2 of its levels.

You collected 79 gold pieces.

Inventory:

Hand Weapons
 a - a +0 war axe (weapon)
Armour
 b - a +0 scale mail (worn)
 c - a +0 shield (worn)
Jewellery
 q - an uncursed ring of ice {unknown}
Scrolls
 e - a scroll of teleportation {unknown}
 h - 2 scrolls of enchant weapon {unknown}
 i - a scroll of fear {unknown}
 l - a scroll of noise {unknown}
 m - a scroll of enchant armour {unknown}
Potions
 d - a potion of might
 j - a potion of magic {unknown}
 k - a potion of curing {unknown}
 n - 2 potions of flight {unknown}
 o - a potion of brilliance {unknown}
 p - a potion of ambrosia {unknown}
Comestibles
 f - 2 rations


   Skills:
 + Level 4.1 Fighting
 * Level 3.8 Axes
 + Level 4.2 Armour
 + Level 4.2 Shields


You had 3 spell levels left.
You didn't know any spells.
Your spell library was empty.

Dungeon Overview and Level Annotations

Branches:
Dungeon (2/15)

Altars:


Innate Abilities, Weirdness & Mutations

You reflexively headbutt those who attack you in melee.
You have a pair of horns on your head.


Message History

You completely miss the orc. You closely miss the orc priest.
The orc wizard casts a spell at you. The puff of frost hits you!
The orc barely misses you.
The orc priest mumbles some strange prayers to Beogh against you.
Beogh smites you!
* * * LOW HITPOINT WARNING * * *
You block the orc wizard's attack. The orc hits you but does no damage.
You are too injured to fight recklessly!
You are too injured to fight recklessly!
Unknown command.
You are too injured to fight recklessly!
You closely miss the orc. You headbutt the orc.
The orc is heavily wounded.
Your scale mail prevents you from hitting the orc wizard.
You completely miss the orc priest. The orc wizard hits you with a dagger.
* * * LOW HITPOINT WARNING * * *
You block the orc priest's attack. The orc wizard casts a spell at you.
The puff of flame hits you!
You die...

# #.######### #
#.........##........ #
#####....####........
####.....#...# #........
.............# #........
####.#...#...# #........
####.#.......# #........
#............# #o[......
######.......###@o......
.....<.......#..o##....#
...(..........(...+ ...
######..#....###.## .
...................
######..#.######.##.
#..#....# #.# ..
######..#.##.# #.# .
.)......#.##.###.#


You could see an orc priest, an orc wizard and an orc.

Vanquished Creatures
  Robin (D:2)
  3 oozes (D:1)
  A dart slug (D:1)
  A leopard gecko (D:2)
  2 orcs (D:2)
  2 giant cockroaches (D:1)
  9 goblins
  6 hobgoblins
  5 bats (D:1)
  2 frilled lizards (D:1)
  4 kobolds (D:1)
  4 rats (D:1)
40 creatures vanquished.

Notes
Turn   | Place    | Note
-------+----------+-------------------------------------------
     0 | D:1      | Hebeh the Minotaur Fighter began the quest for the Orb.
     0 | D:1      | Reached XP level 1. HP: 19/19 MP: 0/0
   273 | D:1      | Reached XP level 2. HP: 26/27 MP: 1/1
   363 | D:1      | Reached XP level 3. HP: 33/33 MP: 2/2
   691 | D:2      | Noticed Robin
   715 | D:2      | Killed Robin
   715 | D:2      | Reached XP level 4. HP: 17/40 MP: 3/3
   948 | D:2      | Killed from afar by an orc wizard

Vault maps used:
D:1:      dpeg_arrival_yet_another_circle, serial_forest,
          infiniplex_forest_clump_medium, infiniplex_forest_lined_2,
          infiniplex_forest_clump_small, infiniplex_forest_lined_2,
          infiniplex_forest_lined_corner, infiniplex_forest_clump_small,
          infiniplex_forest_zigzag_1, infiniplex_forest_end_2,
          infiniplex_forest_lined_1
D:2:      chequers_ecumenical_altar_simple, uniq_robin

Skill      XL: |  1  2  3 |
---------------+----------+-----
Axes           | 3 |  3.8
Armour         | 4 |  4.2
Shields        | 4 |  4.2
Fighting       | 4 |  4.1

Action                   |  1- 3 |  4- 6 || total
-------------------------+-------+-------++-------
Melee: War axe           |    66 |     7 ||    73
       Headbutt          |     9 |     1 ||    10
Armor: Scale mail        |    31 |     9 ||    40
Dodge: Dodged            |    18 |     2 ||    20
Block: Shield            |    32 |     4 ||    36

Table legend:
 A = Spawn XP
 B = Non-spawn XP
 C = Spawn XP percentage of total XP
 D = Spawn monster count
 E = Non-spawn monster count
 F = Spawn count percentage of total count
 G = Total turns spent on level
                    A         B        C        D         E        F      G
               +---------+---------+-------+---------+---------+-------+---------
         Total |       0 |     104 |   0.0 |       0 |      40 |   0.0 |   948
               +---------+---------+-------+---------+---------+-------+---------
           D:1 |       0 |      59 |   0.0 |       0 |      26 |   0.0 |   630
           D:2 |       0 |      45 |   0.0 |       0 |      14 |   0.0 |   318
               +---------+---------+-------+---------+---------+-------+---------
